 Dungeon Crawl Stone Soup version 0.22-a0-414-gacd343e (webtiles) character file.

6899 Serpenta the Fighter (level 11, -2/86 HPs)
             Began as a Human Chaos Knight on May 13, 2018.
             Slain by a two-headed ogre
             ... wielding a +0 giant spiked club
              (18 damage)
             ... on level 9 of the Dungeon.
             The game lasted 00:23:31 (10120 turns).

Serpenta the Fighter (Human Chaos Knight)          Turns: 10120, Time: 00:23:32

Health: -2/86      AC: 14    Str: 20      XL:     11   Next: 27%
Magic:  13/13      EV:  6    Int: 12 (13) God:    Xom [.*....]
Gold:   335        SH:  3    Dex: 10      Spells: 10/10 levels left

rFire    + . .     SeeInvis .   G - +2 trident (protect)
rCold    . . .     Gourm    .   (no shield)
rNeg     . . .     Faith    .   z - +0 plate armour (curse)
rPois    +         Spirit   .   (helmet restricted)
rElec    +         Reflect  +   (no cloak)
rCorr    .         Harm     .   l - +2 pair of gloves
MR       .....                  B - +2 pair of boots
Stlth    ..........             b - +3 amulet of reflection
HPRegen  0.24/turn              F - ring of poison resistance
MPRegen  0.13/turn              j - ring of protection from fire

@: hasted, very quick
A: horns 1, blurry vision 1, clumsy 1, deformed body, frail 1, electricity
resistance, strong 2
a: Renounce Religion


You were on level 9 of the Dungeon.
You worshipped Xom.
You were a plaything of Xom.
You were not hungry.

You visited 1 branch of the dungeon, and saw 9 of its levels.
You also visited: Ossuary.

You collected 484 gold pieces.
You spent 149 gold pieces at shops.


Innate Abilities, Weirdness & Mutations

You have a pair of small horns on your head.
Scrolls take you a little longer to read.
You are clumsy. (Dex -2)
Armour fits poorly on your strangely shaped body.
You are frail. (-10% HP)
You are resistant to electric shocks. (rElec)
Your muscles are very strong. (Str +4)


   Skills:
 - Level 12.7 Fighting
 + Level 10.5 Polearms
 - Level 7.0 Armour
 - Level 1.0 Dodging
 + Level 3.8 Evocations


You had 10 spell levels left.
You didn't know any spells.
Your spell library was empty.

Action                   |  1- 3 |  4- 6 |  7- 9 | 10-12 || total
-------------------------+-------+-------+-------+-------++-------
Melee: Spear             |   130 |   174 |       |       ||   304
       Trident           |       |    90 |   295 |   453 ||   838
       Headbutt          |       |       |       |    63 ||    63
Throw: Tomahawk          |     1 |    10 |     6 |    20 ||    37
Evoke: Wand              |       |       |       |     7 ||     7
  Use: Scroll            |       |    10 |     4 |    10 ||    24
       Potion            |       |     2 |     1 |     4 ||     7
 Stab: Paralysed         |     1 |       |       |    13 ||    14
       Distracted        |       |     1 |     1 |       ||     2
       Confused          |       |     1 |       |       ||     1
  Eat: Chunk             |     2 |     8 |     2 |    11 ||    23
       Ration            |       |       |     1 |     4 ||     5
Armor: Ring mail         |    38 |    66 |       |       ||   104
       Leather armour    |     2 |       |       |       ||     2
       Plate armour      |       |    13 |   115 |   250 ||   378
Dodge: Dodged            |    45 |    79 |    39 |   100 ||   263
Block: Other             |       |     4 |    13 |    40 ||    57
       Reflection        |       |     1 |       |     1 ||     2

Inventory:

Hand Weapons
 G - a +2 trident of protection (weapon)
Missiles
 f - 5 tomahawks (quivered)
 q - 7 javelins
 E - a throwing net
Armour
 l - a +2 pair of gloves (worn)
 v - a +1 helmet
 z - a cursed +0 plate armour (worn)
 B - a +2 pair of boots (worn)
Jewellery
 a - an uncursed ring of wizardry
 b - a +3 amulet of reflection (around neck)
 e - an uncursed ring of teleportation
 j - a ring of protection from fire (right hand)
 x - an uncursed ring of flight
 y - an uncursed amulet of rage {unknown}
 A - an uncursed amulet of the gourmand {unknown}
 C - an uncursed amulet of the acrobat {unknown}
 D - an uncursed ring of stealth
 F - a ring of poison resistance (left hand)
Wands
 i - a wand of flame (40)
 u - a wand of paralysis (8)
Scrolls
 m - a scroll of enchant armour
 t - 5 scrolls of remove curse
 I - a scroll of identify
Potions
 g - 6 potions of lignification
 h - a potion of heal wounds
 k - 6 potions of curing
 n - 2 potions of mutation
 o - 2 potions of magic
 p - 2 potions of brilliance {unknown}
 s - a potion of resistance
 w - a potion of ambrosia
 H - a potion of flight
Comestibles
 c - 11 rations

##########################
(..((...O@................
....##.........######..... .
#..#####..# #..... .........##..#
#..# #..... ...........##..# #..#
#..... ...........##..#####..#
#.....
...........##(........######.....
#..........##....................
#..........##..........######....


You could see a two-headed ogre.

Vanquished Creatures
  A two-headed ogre (D:9)
  Pikel (D:4)
  A hornet (D:9)
  2 hippogriffs
  Eustachio (D:5)
  A hungry ghost (D:9)
  2 slaves (D:3)
  An orc warrior (D:8)
  A sky beast (D:3)
  A black bear (D:7)
  An ice beast (D:6)
  2 phantoms
  2 centaurs
  5 ogres
  A centaur (shapeshifter) (D:7)
  2 big kobolds
  2 elf zombies (Ossuary)
  2 bullfrogs
  A water moccasin zombie (D:6)
  A scorpion (D:5)
  11 killer bees (D:9)
  A wight (D:7)
  2 crimson imps
  2 human zombies (Ossuary)
  A centaur skeleton (D:7)
  3 orc priests
  A gnoll shaman (D:4)
  4 hounds
  2 jellies (D:7)
  5 orc wizards
  An iguana (D:8)
  Ijyb (D:3)
  13 worker ants
  A killer bee zombie (D:6)
  A hound skeleton (D:6)
  2 mummies (Ossuary)
  A howler monkey zombie (D:5)
  A worker ant zombie (D:8)
  Robin (D:3)
  10 adders
  5 gnolls (D:4)
  A shadow imp (D:5)
  An ooze (D:3)
  An adder zombie (Ossuary)
  A worm (D:5)
  A dart slug (D:1)
  3 leopard geckos
  22 orcs
  4 giant cockroaches
  13 goblins
  11 hobgoblins
  4 jackals
  9 quokkas
  3 ball pythons (D:3)
  13 bats
  4 frilled lizards
  A goblin zombie (Ossuary)
  8 hobgoblin zombies (Ossuary)
  A jackal zombie (Ossuary)
  17 kobolds
  6 kobold zombies (Ossuary)
  9 orc zombies (Ossuary)
  9 rats
242 creatures vanquished.

Vanquished Creatures (collateral kills)
  The ghost of tstbtto the Cleaver, a novice DrFi (D:7)
  A centaur (D:7)
  2 elf zombies (Ossuary)
  A scorpion (D:7)
  2 wights (D:7)
  A human zombie (Ossuary)
  A big kobold zombie (Ossuary)
  A hobgoblin (D:2)
  2 hobgoblin zombies (Ossuary)
  An orc zombie (Ossuary)
13 creatures vanquished.

Vanquished Creatures (others)
  A dancing weapon (D:7)
1 creature vanquished.

Grand Total: 256 creatures vanquished

Vault maps used:
D:1:      dpeg_arrival_chambers_temple_mockup, minivault_26,
          minmay_misc_feat_nine_boxes, minmay_strange_pillars
D:2:      grunt_temple_overflow_diamond, first_ration, lemuel_tele_altar
D:3:      gammafunk_temple_overflow_statue, uniq_robin, uniq_ijyb
D:4:      enter_ossuary_5, nemelex_diamond_rough_becter, uniq_pikel
D:5:      elyvilon_altar_1, serial_shops, nicolae_shop_overgrown_old_shop,
          uniq_eustachio
D:6:      kennysheep_generic_room_14
D:7:      minmay_temple_entry_grid
D:8:      lair_entry_dummy
Ossuary:  ossuary_tomb_1


Message History

The two-headed ogre barely misses you.
You feel much better.
Your plate armour prevents you from hitting the two-headed ogre.
You headbutt the two-headed ogre, but do no damage.
The two-headed ogre is heavily wounded.
The two-headed ogre hits you with a giant spiked club!!
* * * LOW HITPOINT WARNING * * *
The two-headed ogre hits you with a giant club!
* * * LOW HITPOINT WARNING * * *
You feel much better.
The two-headed ogre hits you but does no damage.
The two-headed ogre hits you with a giant club!!
* * * LOW HITPOINT WARNING * * *
Okay, then.
Evoke which item? (* to show all) (? for menu, Esc to quit)
Okay, then.
You feel yourself speed up. The two-headed ogre barely misses you.
The two-headed ogre hits you with a giant club!!
You die...
Xom cackles wildly!

Notes
Turn   | Place    | Note
-------+----------+-------------------------------------------
     0 | D:1      | Serpenta the Human Chaos Knight began the quest for the Orb.
     0 | D:1      | Reached XP level 1. HP: 18/18 MP: 1/1
   113 | D:1      | XOM: silly message
   129 | D:1      | Reached XP level 2. HP: 20/24 MP: 2/2
   157 | D:1      | XOM: divination: detect items
   316 | D:1      | XOM: harmless Tmut miscast
   405 | D:1      | XOM: mild Pois miscast
   556 | D:1      | Reached XP level 3. HP: 29/29 MP: 3/3
  1350 | D:2      | Found a snail-covered altar of Cheibriados.
  1438 | D:2      | Reached XP level 4. HP: 35/35 MP: 4/4
  1599 | D:2      | XOM: god gift: plate armour {god gift}
  1758 | D:2      | Found a hazy altar of Hepliaklqana.
  1761 | D:2      | Found a hide-covered altar of Uskayaw.
  1764 | D:2      | Found a bloodstained altar of Trog.
  1991 | D:3      | XOM: 4-stop teleportation journey
  1992 | D:3      | Noticed Ijyb
  2016 | D:3      | XOM: cast spell 'Ring of Flames'
  2022 | D:3      | Killed Ijyb
  2022 | D:3      | Reached skill level 5 in Polearms
  2112 | D:3      | Reached XP level 5. HP: 31/41 MP: 5/5
  2227 | D:3      | Noticed a sky beast
  2429 | D:3      | XOM: 4-stop teleportation journey
  2795 | D:3      | Reached XP level 6. HP: 33/47 MP: 6/6
  2992 | D:3      | XOM: medium Tmut miscast
  3136 | D:3      | XOM: confuse monster(s)
  3145 | D:3      | Killed a sky beast
  3260 | D:3      | XOM: harmless Air miscast
  3268 | D:3      | XOM is BORED!
  3268 | D:3      | XOM: give mutations
  3268 | D:3      | Gained mutation: You are frail. (-10% HP) [Xom's mischief]
  3268 | D:3      | Gained mutation: You are dopey. (Int -2) [Xom's mischief]
  3268 | D:3      | Lost mutation: You are dopey. (Int -2) [Xom's mischief]
  3404 | D:3      | Noticed Robin
  3418 | D:3      | Killed Robin
  3612 | D:3      | XOM: mild Necr miscast
  3711 | D:3      | Found a blossoming altar of Fedhas.
  3711 | D:3      | Found a shattered altar of Ashenzari.
  3872 | D:4      | Reached XP level 7. HP: 45/45 MP: 7/7
  3964 | D:4      | Found a sand-covered staircase.
  3969 | Ossuary  | Entered an ossuary
  4143 | Ossuary  | XOM: enchant monster (bad)
  4166 | Ossuary  | XOM: fake destruction
  4180 | Ossuary  | XOM: cast spell 'Summon Horrible Things'
  4222 | Ossuary  | XOM: give mutations
  4222 | Ossuary  | Gained mutation: Your muscles are strong. (Str +2) [Xom's grace]
  4222 | Ossuary  | Gained mutation: You are resistant to electric shocks. (rElec) [Xom's grace]
  4373 | Ossuary  | XOM: scenery: create altars
  4394 | Ossuary  | XOM: scenery: create altars
  4396 | Ossuary  | XOM: harmless Hex miscast
  4399 | Ossuary  | XOM: harmless Necr miscast
  4405 | Ossuary  | XOM: summons 2 friendly demons
  4411 | Ossuary  | Reached XP level 8. HP: 44/51 MP: 8/8
  4507 | D:4      | XOM: scenery: create altars
  4527 | D:4      | XOM: potion effect (experience)
  4527 | D:4      | Reached skill level 12 in Fighting
  4527 | D:4      | Reached XP level 9. HP: 74/74 MP: 9/9
  4537 | D:4      | Noticed Pikel
  4581 | D:4      | XOM: harmless Necr miscast
  4652 | D:4      | Found a sparkling altar of Nemelex Xobeh.
  4701 | D:4      | Killed Pikel
  4701 | D:4      | Reached skill level 5 in Armour
  5134 | D:5      | Entered Level 5 of the Dungeon
  5135 | D:5      | You fall through a shaft for 2 floors!
  5149 | D:7      | Noticed tstbtto's ghost (novice DrFi)
  5164 | D:7      | XOM: summons 2 friendly demons
  5187 | D:7      | XOM: cast spell 'Monstrous Menagerie'
  5198 | D:7      | Killed tstbtto's ghost
  5312 | D:7      | XOM: cloud trail
  5440 | D:6      | XOM: summons 4 hostile demons
  5470 | D:7      | XOM: mild Erth miscast
  5559 | D:7      | Reached XP level 10. HP: 69/80 MP: 10/10
  5796 | D:7      | XOM: give mutations
  5796 | D:7      | Gained mutation: You have a pair of small horns on your head. [Xom's mischief]
  5796 | D:7      | Gained mutation: Your muscles are very strong. (Str +4) [Xom's mischief]
  5796 | D:7      | Gained mutation: Scrolls take you a little longer to read. [Xom's mischief]
  5796 | D:7      | Gained mutation: Armour fits poorly on your strangely shaped body. [Xom's mischief]
  5799 | D:7      | XOM: harmless Ice miscast
  5937 | D:7      | XOM: 2-stop teleportation journey
  6047 | D:7      | Found a staircase to the Ecumenical Temple.
  6178 | D:7      | XOM: scenery: create altars
  6369 | D:7      | XOM: severe Tmut miscast
  6369 | D:7      | Gained mutation: You are clumsy. (Dex -2) [the severe capriciousness of Xom]
  6607 | D:6      | XOM: enchant monster (bad)
  6612 | D:7      | XOM: polymorph orc priest -> swamp drake
  6748 | D:6      | XOM: enchant monster (bad)
  6759 | D:7      | XOM: noise
  7165 | D:5      | Noticed Eustachio
  7173 | D:5      | XOM: summons 4 hostile shadow creatures
  7177 | D:5      | Killed Eustachio
  7405 | D:5      | XOM: fog
  7532 | D:5      | Found a white marble altar of Elyvilon.
  7582 | D:5      | Found Cuneaj's Antique Weapon Emporium.
  7588 | D:5      | Bought a glowing trident for 149 gold pieces
  7860 | D:6      | XOM is BORED!
  7944 | D:6      | XOM: confusion
  8344 | D:8      | XOM: draining
  8357 | D:8      | Reached skill level 1 in Evocations
  8654 | D:8      | XOM: confusion
  8766 | D:8      | Found a staircase to the Lair.
  8834 | D:8      | Reached skill level 10 in Polearms
  8989 | D:8      | XOM: silly message
  9128 | D:9      | XOM: mild Hex miscast
  9237 | D:9      | Noticed a two-headed ogre
  9238 | D:9      | Reached XP level 11. HP: 77/85 MP: 12/12
  9246 | D:9      | Killed a two-headed ogre
  9324 | D:9      | XOM: stat loss: -1 Int (12/13)
  9358 | D:9      | XOM: harmless Hex miscast
  9560 | D:9      | XOM: harmless Tloc miscast
  9593 | D:9      | XOM: summons 2 friendly demons
  9615 | D:9      | XOM: fog
 10104 | D:9      | Noticed a two-headed ogre
 10120 | D:9      | Slain by a two-headed ogre
